 Dungeon Crawl Stone Soup version 0.29-a0-998-g1987434951 (webtiles) character file.

Game seed: 10257767296855109990

188 siradein the Skirmisher (level 5, -2/43 HPs)
             Began as a Gnoll Hunter on Aug 6, 2022.
             Killed from afar by Ijyb (9 damage)
             ... with an iceblast
             ... on level 4 of the Dungeon.
             The game lasted 00:04:08 (2330 turns).

siradein the Skirmisher (Gnoll Hunter)              Turns: 2330, Time: 00:04:09

Health: -2/43      AC:  4    Str: 10    XL:     5   Next: 67%
Magic:  7/7        EV: 14    Int:  8    God:
Gold:   158        SH:  0    Dex: 18    Spells: 7/7 levels left

rFire   . . .      SeeInvis .   a - +0 shortbow
rCold   . . .      Faith    .   (shield currently unavailable)
rNeg    . . .      Spirit   .   c - +0 leather armour
rPois   .          Reflect  .   n - +0 helmet
rElec   .          Harm     .   (no cloak)
rCorr   .          Rampage  .   (no gloves)
Will    .....                   (no boots)
Stlth   ++........              (no amulet)
HPRegen 0.14/turn               (no ring)
MPRegen 0.10/turn               (no ring)

@: no status effects
A: fangs 1, strong nose, distributed training
a: no special abilities


You were on level 4 of the Dungeon.
You visited 1 branch of the dungeon, and saw 4 of its levels.

You collected 158 gold pieces.

Inventory:

Hand Weapons
 a - a +0 shortbow (weapon)
 t - a +1 antimagic short sword
Armour
 c - a +0 leather armour (worn)
 n - a +0 helmet (worn)
Jewellery
 o - a +6 ring of intelligence
Scrolls
 b - 2 scrolls of immolation
 f - 2 scrolls of identify {unknown}
 g - a scroll of vulnerability {unknown}
 h - a scroll of enchant weapon {unknown}
 i - a scroll of blinking {unknown}
 j - a scroll of noise {unknown}
 k - 2 scrolls of teleportation {unknown}
 p - 2 scrolls of poison {unknown}
 r - a scroll of amnesia {unknown}
 s - a scroll of magic mapping {unknown}
Potions
 d - a potion of brilliance {unknown}
 e - 2 potions of heal wounds
 l - a potion of curing {unknown}
 m - a potion of mutation {unknown}
 q - a potion of experience {unknown}


   Skills:
 + Level 4.8 Fighting
 + Level 1.6 Short Blades
 + Level 1.6 Long Blades
 + Level 1.6 Axes
 + Level 1.6 Maces & Flails
 + Level 1.6 Polearms
 + Level 1.6 Staves
 + Level 8.7 Ranged Weapons
 + Level 1.6 Throwing
 + Level 1.6 Armour
 + Level 4.8 Dodging
 + Level 2.9 Stealth
 + Level 1.6 Shields
 + Level 1.6 Unarmed Combat
 + Level 1.6 Spellcasting
 + Level 1.3 Conjurations
 + Level 1.3 Hexes
 + Level 1.3 Summonings
 + Level 1.3 Necromancy
 + Level 1.3 Translocations
 + Level 1.3 Transmutations
 + Level 1.3 Fire Magic
 + Level 1.3 Ice Magic
 + Level 1.3 Air Magic
 + Level 1.3 Earth Magic
 + Level 1.3 Poison Magic
 + Level 1.9 Invocations
 + Level 1.6 Evocations


You had 7 spell levels left.
You didn't know any spells.
Your spell library contained the following spells:

 Spells                   Type           Power      Damage    Failure   Level
 Conjure Flame            Conj/Fire      2%         6-21      63%         3
 Dazzling Flash           Conj/Hex       4%         N/A       63%         3
 Ignite Poison            Fire/Tmut/Pois 2%         N/A       63%         3
 Stone Arrow              Conj/Erth      4%         3d7       63%         3
 Animate Armour           Summ/Erth      4%         N/A       95%         4
 Sticky Flame             Conj/Fire      2%         2d3       95%         4
 Agony                    Necr           2%         N/A       100%        5
 Blade Hands              Tmut           1%         N/A       100%        5
 Irradiate                Conj/Tmut      1%         3d12      100%        5
 Silence                  Hex/Air        1%         N/A       100%        5
 Dragon Form              Tmut           1%         N/A       100%        7
 Lehudib's Crystal Spear  Conj/Erth      1%         10d2      100%        8


Dungeon Overview and Level Annotations

Branches:
Dungeon (4/15)
 Temple: D:4-7

Altars:
Trog

Annotations:
D:2 1 runed translucent door, Crazy Yiuf
D:4 Ijyb


Innate Abilities, Weirdness & Mutations

You have very sharp teeth.
Your uncanny sense of smell can sniff out nearby items.
Your experience applies equally to all skills.


Message History

You shoot an arrow. The arrow hits the gnoll!
You kill the gnoll!
No target in view!
You see here a +1 hat.
You start removing your armour.
You continue taking off your +0 helmet. x4
You finish taking off your +0 helmet.
You start putting on your armour.
You continue putting on your +1 hat. x5
You finish putting on your +1 hat.
You start removing your armour.
You continue taking off your +1 hat. x4
You finish taking off your +1 hat.
You start putting on your armour.
You continue putting on your +0 helmet. x5
You finish putting on your +0 helmet.
You drop a +1 hat.
Ijyb is nearby!
You shoot an arrow.
Ijyb shouts!
The arrow hits Ijyb!
Ijyb is heavily wounded.
You shoot an arrow. The arrow hits Ijyb but does no damage.
Ijyb is heavily wounded.
You shoot an arrow. The arrow hits Ijyb.
Ijyb is severely wounded.
You shoot an arrow. The arrow closely misses Ijyb.
You shoot an arrow. The arrow hits Ijyb.
Ijyb is almost dead.
Ijyb zaps a wand.
The mass of ice explodes!
The iceblast engulfs you!
You hear an angry hiss.
You shoot an arrow. The arrow closely misses Ijyb.
Ijyb zaps a wand.
The mass of ice explodes!
The iceblast engulfs you!!
* * * LOW HITPOINT WARNING * * *
You are too injured to fight recklessly!
Okay, then.
Unknown command.
Fire: a) +0 shortbow
Press: ? - help, Q - select action Shift-Dir - straight line, f/p - Ijyb
Aim: Ijyb, wielding a +0 club, wearing a +0 leather armour and carrying a wand of iceblast (6) (almost dead, 61% to hit)
You shoot an arrow. The arrow hits Ijyb but does no damage.
Ijyb is almost dead.
Ijyb zaps a wand.
The mass of ice explodes!
The iceblast engulfs you!
You die...

.#.........#
#..........#
...........#
#..........#
#..(......##
#.g......#
#..).<...#
##.....##.#
#....@.#
#......#
#.......#
####..###
###


You could see Ijyb.

Vanquished Creatures
  Jessica (D:2)
  Robin (D:2)
  3 gnolls
  3 adders (D:3)
  3 dart slugs (D:1)
  5 orcs (D:3)
  5 endoplasms
  6 giant cockroaches
  15 goblins
  5 hobgoblins
  7 jackals (D:3)
  3 kobolds
  A quokka (D:1)
  7 ball pythons
  3 bats
  3 frilled lizards
  7 rats
78 creatures vanquished.

Notes
Turn   | Place    | Note
-------+----------+-------------------------------------------
     0 | D:1      | siradein the Gnoll Hunter began the quest for the Orb.
     0 | D:1      | Reached XP level 1. HP: 20/20 MP: 1/1
    89 | D:1      | Reached XP level 2. HP: 26/26 MP: 2/2
   209 | D:1      | Reached XP level 3. HP: 31/31 MP: 3/3
   209 | D:1      | Found a faded altar of an unknown god.
   499 | D:2      | Reached skill level 1 in Invocations
   514 | D:2      | Noticed Robin
   547 | D:2      | Reached skill level 1 in Short Blades
   547 | D:2      | Reached skill level 1 in Long Blades
   547 | D:2      | Reached skill level 1 in Axes
   547 | D:2      | Reached skill level 1 in Maces & Flails
   547 | D:2      | Reached skill level 1 in Polearms
   547 | D:2      | Reached skill level 1 in Staves
   547 | D:2      | Reached skill level 1 in Throwing
   547 | D:2      | Reached skill level 1 in Armour
   547 | D:2      | Reached skill level 1 in Shields
   547 | D:2      | Reached skill level 1 in Unarmed Combat
   547 | D:2      | Reached skill level 1 in Spellcasting
   547 | D:2      | Reached skill level 1 in Evocations
   636 | D:2      | Noticed Jessica
   639 | D:2      | Killed Jessica
   640 | D:2      | Reached XP level 4. HP: 38/38 MP: 5/5
   782 | D:2      | Killed Robin
   783 | D:2      | Reached skill level 1 in Conjurations
   783 | D:2      | Reached skill level 1 in Hexes
   783 | D:2      | Reached skill level 1 in Summonings
   783 | D:2      | Reached skill level 1 in Necromancy
   783 | D:2      | Reached skill level 1 in Translocations
   783 | D:2      | Reached skill level 1 in Transmutations
   783 | D:2      | Reached skill level 1 in Fire Magic
   783 | D:2      | Reached skill level 1 in Ice Magic
   783 | D:2      | Reached skill level 1 in Air Magic
   783 | D:2      | Reached skill level 1 in Earth Magic
   783 | D:2      | Reached skill level 1 in Poison Magic
  1119 | D:2      | Found a runed translucent door.
  1120 | D:2      | Noticed Crazy Yiuf
  1414 | D:3      | Reached XP level 5. HP: 43/43 MP: 7/7
  1692 | D:3      | Found a bloodstained altar of Trog.
  1867 | D:4      | Noticed Ijyb
  2330 | D:4      | Killed from afar by Ijyb

Illustrated notes

Levels and vault maps discovered:
D:1:      matt_arrival_refuge, layout_basic, hellmonk_ecumenical_altar_blasted
D:2:      layout_loops_ring, uniq_robin, uniq_jessica, uniq_crazy_yiuf_cottage
D:3:      layout_basic, trog_antimagical
D:4:      layout_cave_pods, gammafunk_ghost_abyssal_escape, uniq_ijyb,
          uniq_sigmund

Skill      XL: |  1  2  3  4 |
---------------+-------------+-----
Invocations    | 1 |  1.9
Short Blades   | 1 |  1.6
Long Blades    | 1 |  1.6
Axes           | 1 |  1.6
Maces & Flails | 1 |  1.6
Polearms       | 1 |  1.6
Staves         | 1 |  1.6
Throwing       | 1 |  1.6
Armour         | 1 |  1.6
Shields        | 1 |  1.6
Unarmed Combat | 1 |  1.6
Spellcasting   | 1 |  1.6
Evocations     | 1 |  1.6
Conjurations   | 1 |  1.3
Hexes          | 1 |  1.3
Summonings     | 1 |  1.3
Necromancy     | 1 |  1.3
Translocations | 1 |  1.3
Transmutations | 1 |  1.3
Fire Magic     | 1 |  1.3
Ice Magic      | 1 |  1.3
Air Magic      | 1 |  1.3
Earth Magic    | 1 |  1.3
Poison Magic   | 1 |  1.3
Fighting       | |  4.8
Ranged Weapons | |  8.7
Dodging        | |  4.8
Stealth        | |  2.9

Action                   |  1- 3 |  4- 6 || total
-------------------------+-------+-------++-------
 Fire: Shortbow          |    82 |    99 ||   181
Armor: Leather armour    |    11 |     4 ||    15
Dodge: Dodged            |    34 |    22 ||    56

Table legend: (Time is in decaauts)
 A = Elapsed time spent in this place.
 B = Non-inter-level travel time spent in this place.
 C = Inter-level travel time spent in this place.
 D = Time resting spent in this place.
 E = Time spent auto-exploring this place.
 F = Levels seen in this place.
 G = Mean time per level.
                   A        B        C        D        E       F      G
               +--------+--------+--------+--------+--------+-----+--------+
         Total |   2355 |   2248 |    107 |    291 |   1579 |   4 |  588.8 |
       Dungeon |   2355 |   2248 |    107 |    291 |   1579 |   4 |  588.8 |
               +--------+--------+--------+--------+--------+-----+--------+

Top non-repeatable levels by time:
     D:3: 983 daAuts
     D:2: 786 daAuts
     D:1: 486 daAuts
     D:4: 99 daAuts
